 Dungeon Crawl Stone Soup version 0.20.1-1-g8b1a95d (webtiles) character file.

200 lemmily0 the Sneak (level 5, -3/24 HPs)
             Began as a Spriggan Venom Mage on Nov 2, 2017.
             Was an Initiate of Nemelex Xobeh.
             Killed by nerve-wracking pain
             ... invoked by letownia2's ghost
              (5 damage)
             ... on level 4 of the Dungeon.
             The game lasted 00:46:27 (3790 turns).

lemmily0 the Sneak (Spriggan Venom Mage)            Turns: 3790, Time: 00:46:28

Health: -3/24      AC:  2    Str:  5    XL:     5   Next: 49%
Magic:  10/12      EV: 19    Int: 16    God:    Nemelex Xobeh [......]
Gold:   180        SH:  0    Dex: 17    Spells: 7/12 levels left

rFire    . . .     SeeInvis +   j - +0 dagger
rCold    . . .     Gourm    .   (shield restricted)
rNeg     . . .     Faith    .   a - +0 robe
rPois    .         Spirit   .   (helmet restricted)
rElec    .         Reflect  .   (no cloak)
rCorr    .         Harm     .   (gloves unavailable)
MR       .....                  (boots unavailable)
Stlth    +++.......             (no amulet)
Regen    0.1/turn               (no ring)
MPRegen  0.2/turn               (no ring)

@: very quick
A: unfitting armour, see invisible, herbivore 3, speed 3, slow metabolism 2
a: Renounce Religion


You were on level 4 of the Dungeon.
You worshipped Nemelex Xobeh.
Nemelex Xobeh was noncommittal.
You were not hungry.

You visited 1 branch of the dungeon, and saw 5 of its levels.

You collected 180 gold pieces.

Inventory:

Hand Weapons
 j - a +0 dagger (weapon)
 q - a +0 hunting sling
 t - a +2 short sword of venom
Missiles
 e - 42 arrows
 r - 115 stones (quivered)
Armour
 a - a +0 robe (worn)
 i - a +0 robe
 l - a +0 robe
 s - a +0 hat
Jewellery
 m - an uncursed amulet of the gourmand
Scrolls
 h - a scroll of remove curse
 n - 2 scrolls of teleportation
 v - a scroll of recharging
 w - a scroll of noise {unknown}
 y - a scroll of fog {unknown}
Potions
 d - a potion of agility
 f - a potion of lignification {unknown}
 o - a potion of magic {unknown}
 p - a potion of might
 u - a potion of mutation {unknown}
Books
 b - a Young Poisoner's Handbook

   Spells                             Type                      Level
   a - Sting                          Conjuration/Poison           1
   b - Poisonous Vapours              Poison/Air                   2
   c - Mephitic Cloud                 Conjuration/Poison/Air       3
   d - Olgreb's Toxic Radiance        Poison                       4
   e - Venom Bolt                     Conjuration/Poison           5
 x - Sif Muna's Handbook of Confrontation
   (You found it on level 4 of the Dungeon)

   Spells                             Type                      Level
   a - Flame Tongue                   Conjuration/Fire             1
   b - Searing Ray                    Conjuration                  2
   c - Bolt of Magma                  Conjuration/Fire/Earth       5
Miscellaneous
 k - a plain deck of summoning
Comestibles
 c - 5 bread rations
 g - 2 royal jellies


   Skills:
 + Level 0.1 Fighting
 + Level 0.9 Short Blades
 + Level 3.7 Dodging
 + Level 4.6 Stealth
 * Level 4.1 Spellcasting
 + Level 1.6 Conjurations
 + Level 4.1 Poison Magic


You had 7 spell levels left.
You knew the following spells:

 Your Spells              Type           Power        Failure   Level  Hunger
a - Sting                 Conj/Pois      ##..         4%          1    None
b - Poisonous Vapours     Pois/Air       #.....       11%         2    ##.....
c - Searing Ray           Conj           #.....       13%         2    ##.....


Dungeon Overview and Level Annotations

Branches:
Dungeon (5/15)
 Temple: D:4-7

Altars:
Dithmenos
Fedhas
Hepliaklqana
Nemelex Xobeh
Uskayaw
Yredelemnul
The Shining One

Annotations:
D:4 letownia2's ghost, weakling DDNe


Innate Abilities, Weirdness & Mutations

You are very small and have problems with some larger weapons.
You are too small for most types of armour.
You have supernaturally acute eyesight. (SInv)
You are a herbivore.
You cover ground extremely quickly.
You need consume almost no food.


Message History

Letownia2's ghost (weakling Deep Dwarf Necromancer) comes into view.
It is wielding a weapon of venom.
An adder comes into view.
Letownia2's ghost casts a spell at you. You resist with significant effort.
Found a stone staircase leading down.
Found a bread ration.
Letownia2's ghost points at you and mumbles some strange words.
Pain shoots through your body!
Ouch! That really hurt!
The adder hisses angrily.
Letownia2's ghost gestures at you while chanting.
Pain shoots through your body!
* * * LOW HITPOINT WARNING * * *
Okay, then.
Press: ? - help, v - describe, . - travel The floor.
Letownia2's ghost casts a spell at you. Pain shoots through your body!
You die...
Your body disappears without a glow.

.....#.# ...#.ZZ # #....#.##
#...... .. ....###.#.....
#...... #
%.##.......#.##)#####5.[Z..
..
..........#.##.........###
#. #.....##...5..#........##
#..#..#..##.#.##.#.#........
#..S..........##.#..........
#.......###@####.#.#..##.###
#.W.....# #.#.#.....# #
...>...####### #......<.>#
####### ###..####.# ##.#
#.### #.# #.... #.# #####
#.# .. ##.# #..


You could see letownia2's ghost and a crimson imp.

Vanquished Creatures
  Jessica (D:2)
  2 worker ants
  3 adders
  2 oozes
  3 worms
  A dart slug (D:2)
  A leopard gecko (D:1)
  4 orcs (D:3)
  6 giant cockroaches
  11 hobgoblins
  9 jackals
  6 kobolds
  7 bats
  2 frilled lizards
  5 goblins
  2 hobgoblin zombies (D:4)
  A quokka skeleton (D:4)
  10 rats
76 creatures vanquished.

Notes
Turn   | Place    | Note
-------+----------+-------------------------------------------
     0 | D:1      | lemmily0 the Spriggan Venom Mage began the quest for the Orb.
     0 | D:1      | Reached XP level 1. HP: 9/9 MP: 5/5
   249 | D:1      | Reached XP level 2. HP: 8/13 MP: 0/6
  1043 | D:1      | Reached XP level 3. HP: 13/16 MP: 4/8
  1240 | D:1      | Reached skill level 1 in Conjurations
  1299 | D:2      | Found a hazy altar of Hepliaklqana.
  1815 | D:2      | Noticed Jessica
  1831 | D:2      | Killed Jessica
  1831 | D:2      | Reached XP level 4. HP: 21/21 MP: 2/10
  1855 | D:2      | Learned a level 2 spell: Poisonous Vapours
  2782 | D:3      | Reached XP level 5. HP: 24/24 MP: 0/12
  2791 | D:3      | Found a sparkling altar of Nemelex Xobeh.
  2795 | D:3      | Became a worshipper of Nemelex Xobeh the Trickster
  3088 | D:4      | Found a hide-covered altar of Uskayaw.
  3089 | D:4      | Found a shadowy altar of Dithmenos.
  3089 | D:4      | Found a basalt altar of Yredelemnul.
  3090 | D:4      | Found a blossoming altar of Fedhas.
  3579 | D:4      | Received a gift from Nemelex Xobeh
  3699 | D:4      | Found a glowing golden altar of the Shining One.
  3700 | D:4      | Identified Sif Muna's Handbook of Confrontation
  3722 | D:5      | Entered Level 5 of the Dungeon
  3748 | D:5      | Learned a level 2 spell: Searing Ray
  3778 | D:4      | Noticed letownia2's ghost (weakling DDNe)
  3787 | D:4      | HP: 1/24 [letownia2's ghost/nerve-wracking pain (11)]
  3790 | D:4      | Killed from afar by letownia2's ghost

Skill      XL: |  1  2  3  4 |
---------------+-------------+-----
Spellcasting   | 3 4 |  4.1
Conjurations   | 1 |  1.6
Poison Magic   | 4 |  4.1
Stealth        | 4 |  4.6
Fighting       | |  0.1
Short Blades   | |  0.9
Dodging        | |  3.7

Action                   |  1- 3 |  4- 6 || total
-------------------------+-------+-------++-------
Melee: Unarmed           |    13 |       ||    13
       Dagger            |    23 |    99 ||   122
 Cast: Sting             |    81 |    87 ||   168
       Searing Ray       |       |     1 ||     1
  Use: Scroll            |       |     4 ||     4
       Potion            |       |     4 ||     4
 Stab: Sleeping          |     5 |     1 ||     6
Armor: Robe              |     5 |     6 ||    11
Dodge: Dodged            |    42 |   119 ||   161
